 Dungeon Crawl Stone Soup version 0.28.0-53-g5a82cb258f (webtiles) character file.

Game seed: 9222134359157855210

1003 Revguard the Ruffian (level 7, -2/56 HPs)
             Began as a Demigod Transmuter on May 26, 2022.
             Slain by a two-headed ogre
             ... wielding a +0 dire flail
              (8 damage)
             ... on level 7 of the Dungeon.
             The game lasted 00:16:58 (8326 turns).

Revguard the Ruffian (Demigod Transmuter)           Turns: 8326, Time: 00:16:59

Health: -2/56      AC:  7    Str: 15    XL:     7   Next: 68%
Magic:  15/15      EV: 13    Int: 19    God:
Gold:   340        SH:  0    Dex: 14    Spells: 6/13 levels left

rFire   . . .      SeeInvis .     - Unarmed
rCold   . . .      Faith    .   (no shield)
rNeg    . . .      Spirit   .   h - +2 robe {Will+}
rPois   +          Reflect  .   (helmet currently unavailable)
rElec   .          Harm     .   i - +2 cloak
rCorr   .          Rampage  .   (no gloves)
Will    +....                   (boots currently unavailable)
Stlth   +.........              (no amulet)
HPRegen 0.18/turn               f - ring of poison resistance
MPRegen 0.14/turn               (no ring)

@: appendages
A: horns 2, talons 2, high MP 1, forlorn, divine attributes
a: End Transformation


You were on level 7 of the Dungeon.
You had temporarily grown beastly horns and talons.
You visited 1 branch of the dungeon, and saw 8 of its levels.

You collected 340 gold pieces.

Inventory:

Armour
 a - a +0 robe
 d - a +0 helmet (melded)
 h - a +2 robe of willpower (worn)
 i - a +2 cloak (worn)
 k - an orb of mayhem
Jewellery
 f - a ring of poison resistance (left hand)
Wands
 j - a wand of mindburst (12)
 o - a wand of iceblast (7)
 s - a wand of digging (3)
Scrolls
 b - a scroll of fog
 c - a scroll of holy word
 e - 2 scrolls of noise
 g - 6 scrolls of teleportation
 l - a scroll of amnesia
 m - 3 scrolls of magic mapping
Potions
 n - a potion of curing {unknown}
 r - 2 potions of lignification


   Skills:
 + Level 2.8 Fighting
 + Level 2.3 Armour
 + Level 3.3 Dodging
 + Level 3.9 Unarmed Combat
 * Level 3.7 Spellcasting
 + Level 3.2 Transmutations
 + Level 1.4 Ice Magic
 + Level 2.4 Air Magic
 - Level 1.9 Earth Magic


You had 6 spell levels left.
You knew the following spells:

 Your Spells              Type           Power      Damage    Failure   Level
a - Beastly Appendage     Tmut           30%        N/A       3%          1
b - Wereblood             Tmut           15%        N/A       5%          2
c - Ice Form              Ice/Tmut       12%        N/A       47%         4

Your spell library contained the following spells:

 Spells                   Type           Power      Damage    Failure   Level
 Sting                    Tmut/Pois      36%        1d4       8%          1
 Poisonous Vapours        Pois/Air       16%        N/A       13%         2
 Pain                     Necr           12%        1d4       14%         1
 Spider Form              Tmut/Pois      9%         N/A       22%         3
 Olgreb's Toxic Radiance  Pois           3%         N/A       80%         4
 Agony                    Necr           3%         N/A       98%         5
 Excruciating Wounds      Necr           1%         N/A       98%         5


Dungeon Overview and Level Annotations

Branches:
Dungeon (8/15)
 Temple: D:4-7         Lair: D:8-11

Shops:
D:8 !


Innate Abilities, Weirdness & Mutations

You have temporarily grown beastly horns and talons.
You have an increased reservoir of magic. (+10% MP)
You shall have no god before yourself.
Your divine heritage dramatically boosts your attributes as you level up.


Message History

You grow a pair of large bovine horns.
Your feet morph into talons.
Your +0 helmet melds into your body.
Aiming: Mindburst
Press: ? - help, Shift-Dir - straight line, f - two-headed ogre
Aim: a two-headed ogre, wielding a +0 dire flail and a +0 giant club (chance to affect: 47%)
The two-headed ogre's minds are blasted!
Aiming: Mindburst
Press: ? - help, Shift-Dir - straight line, f/p - two-headed ogre
Aim: a two-headed ogre, wielding a +0 dire flail and a +0 giant club (lightly wounded, chance to affect: 47%)
The two-headed ogre resists with some effort.
Aiming: Mindburst
Press: ? - help, Shift-Dir - straight line, f/p - two-headed ogre
Aim: a two-headed ogre, wielding a +0 dire flail and a +0 giant club (lightly wounded, chance to affect: 47%)
The two-headed ogre's minds are blasted!
The two-headed ogre completely misses you.
The two-headed ogre closely misses you.
Aiming: Mindburst
Press: ? - help, Shift-Dir - straight line, f/p - two-headed ogre
Aim: a two-headed ogre, wielding a +0 dire flail and a +0 giant club (moderately wounded, chance to affect: 47%)
The two-headed ogre resists with some effort.
The two-headed ogre hits you with a +0 dire flail.
The two-headed ogre hits you with a +0 giant club!
Aiming: Iceblast
Press: ? - help, Shift-Dir - straight line, f/p - two-headed ogre
Aim: a two-headed ogre, wielding a +0 dire flail and a +0 giant club (moderately wounded)
The mass of ice explodes!
The iceblast engulfs the two-headed ogre!
The two-headed ogre is heavily wounded.
You hit the two-headed ogre but do no damage.
The two-headed ogre is heavily wounded.
The two-headed ogre hits you with a +0 dire flail!!
* * * LOW HITPOINT WARNING * * *
The two-headed ogre hits you with a +0 giant club!
* * * LOW HITPOINT WARNING * * *
Okay, then.
You hit the two-headed ogre.
You claw the two-headed ogre, but do no damage.
The two-headed ogre is heavily wounded.
The two-headed ogre hits you with a +0 dire flail!
You die...

##.......................
##..#########...........
###..# #...>.......
#..#.# #### ##.......)..
#..#.####..## #..........
#.##.##.....####.........
#.###........# ##.......#
### #........## ##.....##
##....@....# #...##
##.....O....# ####
#..........##
#.........## #.........##
#........## ...........#
.....####.... ....#
#.....


You could see a two-headed ogre.

Vanquished Creatures
  Menkaure (D:4)
  A sky beast (D:5)
  An ogre (D:5)
  A centaur (D:8)
  A phantom (D:5)
  A scorpion (D:7)
  A water moccasin skeleton (D:5)
  2 hounds (D:4)
  An iguana (D:5)
  Natasha (twice) (D:3)
  2 orc wizards (D:4)
  A killer bee zombie (D:5)
  A hound zombie (D:3)
  A hound skeleton (D:5)
  6 gnolls
  6 adders
  3 worms
  A dart slug (D:1)
  8 orcs
  7 ball pythons
  8 bats
  7 endoplasms
  3 giant cockroaches
  13 hobgoblins
  2 jackals (D:1)
  4 quokkas
  7 frilled lizards
  4 goblins
  6 kobolds
  6 rats
108 creatures vanquished.

Vanquished Creatures (others)
  2 fungi (D:2)
  3 plants (D:2)
5 creatures vanquished.

Grand Total: 113 creatures vanquished

Notes
Turn   | Place    | Note
-------+----------+-------------------------------------------
     0 | D:1      | Revguard the Demigod Transmuter began the quest for the
                  | Orb.
     0 | D:1      | Reached XP level 1. HP: 15/15 MP: 5/5
   408 | D:1      | Reached skill level 1 in Fighting
   611 | D:1      | Reached XP level 2. HP: 23/23 MP: 7/7
   619 | D:1      | Learned a level 2 spell: Wereblood
  1173 | D:1      | Reached XP level 3. HP: 2/28 MP: 5/8
  2404 | D:2      | Reached skill level 1 in Air Magic
  2404 | D:2      | Reached XP level 4. HP: 13/35 MP: 7/9
  2852 | D:2      | Reached skill level 1 in Earth Magic
  3098 | D:3      | Reached skill level 1 in Armour
  3739 | D:3      | Noticed Natasha
  3747 | D:3      | Killed Natasha
  3957 | D:3      | Noticed Natasha
  3962 | D:3      | Killed Natasha
  3963 | D:3      | Reached XP level 5. HP: 35/41 MP: 9/11
  5633 | D:4      | Reached XP level 6. HP: 12/48 MP: 8/13
  5641 | D:4      | HP: 1/48 [hound (3)]
  5976 | D:4      | Noticed Menkaure
  5986 | D:4      | Killed Menkaure
  6382 | D:5      | Entered Level 5 of the Dungeon
  6819 | D:5      | Reached XP level 7. HP: 23/56 MP: 12/15
  7168 | D:5      | Reached skill level 1 in Ice Magic
  7516 | D:5      | Learned a level 4 spell: Ice Form
  7910 | D:6      | You fall into a shaft and drop 2 floors!
  7947 | D:8      | Found Punuon's Distillery.
  8313 | D:7      | Noticed a two-headed ogre
  8326 | D:7      | Slain by a two-headed ogre

Illustrated notes

Levels and vault maps discovered:
D:1:      amcnicky_arrival_blooded_trapdoor, layout_basic,
          minmay_misc_feat_tiny, minmay_pentomino_x4
D:2:      layout_basic, shapermc_ecumenical_altar_mp_ritualfount
D:3:      layout_basic, uniq_natasha
D:4:      layout_basic, mrwooster_statue_mirror, cheibrodos_gnoll_hut,
          uniq_menkaure
D:5:      layout_loops_ring, grunt_ministairs_8, grunt_decor_arrowhead,
          kennysheep_generic_room_8
D:6:      layout_gridville, minivault_19, kennysheep_generic_room_13,
          uniq_blork_the_orc
D:7:      layout_cave_pods, minmay_temple_entry_nine_rooms
D:8:      layout_rooms, serial_shops, nicolae_shop_statue_plus, uniq_harold

Skill      XL: |  1  2  3  4  5  6  7 |
---------------+----------------------+-----
Fighting       | 1 2 |  2.8
Dodging        | 2 3 |  3.3
Transmutations | 2 3 |  3.2
Spellcasting   | 2 3 |  3.7
Unarmed Combat | 3 |  3.9
Air Magic      | 1 2 |  2.4
Earth Magic    | 1 |  1.9
Armour         | 1 2 |  2.3
Ice Magic      | 1 |  1.4

Action                   |  1- 3 |  4- 6 |  7- 9 || total
-------------------------+-------+-------+-------++-------
Melee: Unarmed           |   119 |   166 |    67 ||   352
       Kick              |    24 |    48 |    23 ||    95
       Headbutt          |    24 |    32 |    14 ||    70
       Punch             |     4 |     5 |     1 ||    10
 Cast: Beastly Appendage |    24 |    32 |     8 ||    64
       Wereblood         |     3 |     3 |     4 ||    10
Evoke: Wand              |       |     4 |     5 ||     9
  Use: Scroll            |       |     7 |     6 ||    13
       Potion            |       |       |     1 ||     1
 Stab: Sleeping          |     1 |       |       ||     1
Armor: Robe              |    25 |    53 |    28 ||   106
Dodge: Dodged            |    98 |   104 |    37 ||   239
